 Dungeon Crawl Stone Soup version 0.31-a0-870-g10ed682358 (webtiles) character file.

Game seed: 1911139518953970793

6155 BinkBink the Spear-Bearer (level 10, -2/90 HPs)
             Began as a Minotaur Fighter on Oct 12, 2023.
             Was a High Priest of Dithmenos.
             Killed from afar by an acid dragon (27 damage)
             ... with a splash of acid
             ... on level 10 of the Dungeon.
             The game lasted 00:11:43 (8261 turns).

BinkBink the Spear-Bearer (Minotaur Fighter)        Turns: 8261, Time: 00:11:43

Health: -2/90      AC: 10    Str: 36    XL:     10   Next: 59%
Magic:  9/9        EV: 13    Int:  5    God:    Dithmenos [*****.]
Gold:   594        SH:  0    Dex: 11    Spells: 9/9 levels left

rFire   . . .        a - +0 war axe (heavy)
rCold   . . .        c - +0 buckler
rNeg    . . .        z - +2 scale mail {rPois}
rPois   +            (helmet restricted)
rElec   .            (no cloak)
rCorr   .            (no gloves)
SInv    .            (no boots)
Will    .....        (no amulet) Stlth
                     y - +6 ring of strength
HPRegen 0.35/turn    D - +6 ring of strength
MPRegen 0.11/turn

%: no passive effects
@: confused, wreathed by umbra
A: horns 2, retaliatory headbutt
a: Renounce Religion, Shadow Step, Shadow Form


You were on level 10 of the Dungeon.
You worshipped Dithmenos.
Dithmenos was extremely pleased with you.
You visited 1 branch of the dungeon, and saw 10 of its levels.
You also visited: Sewer.

You collected 594 gold pieces.

Inventory:

Hand Weapons
 a - a +0 heavy war axe (weapon)
 j - a +1 spear of venom
Missiles
 l - 3 throwing nets
Armour
 c - a +0 buckler (worn)
 z - a +2 scale mail of poison resistance (worn)
Jewellery
 k - an amulet of regeneration
 y - a +6 ring of strength (left hand)
 A - a ring of protection from cold
 D - a +6 ring of strength (right hand)
Wands
 r - a wand of charming (5)
Scrolls
 b - 2 scrolls of noise
 m - 4 scrolls of enchant armour
 o - 2 scrolls of fog
 p - 2 scrolls of amnesia
 q - a scroll of identify
 s - a scroll of poison {unknown}
 t - 2 scrolls of teleportation
 u - a scroll of acquirement {unknown}
Potions
 d - 3 potions of might
 e - a potion of enlightenment {unknown}
 f - 2 potions of haste {unknown}
 g - 3 potions of heal wounds
 h - 2 potions of ambrosia {unknown}
 i - 6 potions of attraction {unknown}
 n - a potion of lignification {unknown}
 v - a potion of mutation {unknown}
 w - a potion of magic {unknown}
 x - 5 potions of curing {unknown}
 E - a potion of degeneration {unknown}


   Skills:
 + Level 8.9 Fighting
 + Level 5.0(8.1) Axes
 - Level 9.8(10.3) Polearms
 + Level 9.0 Armour
 + Level 7.0 Dodging
 + Level 8.6 Shields


You had 9 spell levels left.
You didn't know any spells.
Your spell library contained the following spells:

 Spells                   Type           Power      Damage    Failure   Level
 Blink                    Tloc           0%         N/A       83%         2
 Ensorcelled Hibernation  Hex/Ice        0%         N/A       83%         2
 Passwall                 Tmut/Erth      0%         N/A       83%         2
 Stone Arrow              Conj/Erth      0%         3d7       96%         3
 Swiftness                Air            0%         N/A       96%         3
 Animate Armour           Summ/Erth      0%         N/A       100%        4
 Manifold Assault         Tloc           0%         N/A       100%        4
 Lehudib's Crystal Spear  Conj/Erth      0%         10d2      100%        8


Dungeon Overview and Level Annotations

Branches:
Dungeon (10/15)            Temple (0/1) D:6            Lair (0/5) D:8
  Sewer (visited)
    Orc: D:9-12

Altars:
Dithmenos
Nemelex Xobeh


Innate Abilities, Weirdness & Mutations

You have a pair of horns on your head.
You reflexively headbutt those who attack you in melee.


Message History

Something tries to affect you, but you resist.
Something hits you but does no damage. Something bites you.
Something draws strength from your injuries!
You feel less confused. Something hits you! Something bites you.
Something draws strength from your injuries!
You hit something but do no damage. Something hits you but does no damage.
Something bites you but does no damage.
You closely miss something. Your headbutt misses something. Something hits you.
You block something's attack. Something hits you! Something bites you.
Something draws strength from your injuries!
You closely miss something. You block something's attack.
Something bites you but does no damage. Something hits you!
Something bites you.
Something draws strength from your injuries!
You slice something!! Your headbutt misses something.
Something barely misses you. You block something's attack.
You barely miss something. Something barely misses you. Something bites you.
Something draws strength from your injuries!
You hear some strange, mumbled words.
You are confused.
You're too confused to move!
Something hits you. Something barely misses you.
You're too confused to move!
You hear some strange, mumbled words.
You are more confused.
You miss something.
You hear some strange, mumbled words.
You are more confused.
Something hits you. Something bites you but does no damage.
You're too confused to move!
Something hits you but does no damage. Something barely misses you.
An acid dragon comes into view.
The acid dragon roars!
Something hits you but does no damage. Something bites you!
* * * LOW HITPOINT WARNING * * *
Something draws strength from your injuries!
You are too confused!
The acid dragon spits acid at you. The splash of acid hits you!!
You die...

.......#[#.÷.........#....#.
.......#.#.÷.........#....#.
.......#.#...........#....'.
.......#.#...........#....#.
.......'.÷...........#.(..#.
.......#.######......#....#.
.......#......########....#.
....(..#..................#.
.......#...@..............#.
#####+##......#########...#.
...D........#.......#...##
###.........'.......#..)..
#.........#.......#.....
#.........#.......###...
#.........#....... #...
#.......).#....... #...
#.######..###########...


You could see an acid dragon (catching breath).

Vanquished Creatures
  A cyclops (D:9)
  A troll (D:9)
  A hornet (D:8)
  A wraith (D:10)
  A shadow (D:9)
  9 yaks
  2 steam dragons (D:7)
  An acid dragon (D:8)
  A water moccasin (D:5)
  A black bear (D:5)
  2 orc warriors
  2 ice beasts
  Pargi (Sewer)
  An ogre (D:5)
  A centaur (D:10)
  2 phantoms
  7 bullfrogs
  A kobold brigand (D:9)
  2 gnoll sergeants
  3 scorpions
  5 wights
  The ghost of Talonman3 the Conjurer, a weakling DrCj (D:3)
  7 howler monkeys
  4 hounds
  2 orc priests (D:4)
  A gnoll bouda (D:5)
  2 jellies
  7 iguanas
  7 orc wizards
  Robin (D:4)
  24 gnolls
  7 adders
  3 white imps
  2 worms
  6 dart slugs
  16 orcs
  3 ball pythons
  8 endoplasms
  4 giant cockroaches
  17 goblins
  7 hobgoblins
  4 jackals (D:4)
  14 kobolds
  7 quokkas
  6 bats
  8 frilled lizards
  6 rats
220 creatures vanquished.

Notes
Turn   | Place    | Note
-------+----------+-------------------------------------------
     0 | D:1      | BinkBink the Minotaur Fighter began the quest for the Orb.
     0 | D:1      | Reached XP level 1. HP: 19/19 MP: 0/0
   201 | D:1      | Reached XP level 2. HP: 27/27 MP: 1/1
   516 | D:1      | Reached XP level 3. HP: 33/33 MP: 2/2
   625 | D:1      | Reached skill level 1 in Dodging
   947 | D:2      | Reached skill level 1 in Polearms
  1127 | D:2      | Reached XP level 4. HP: 40/40 MP: 3/3
  1273 | D:3      | Found a runed translucent door.
  1355 | D:3      | Noticed Talonman3's ghost (weakling DrCj)
  1619 | D:3      | Reached XP level 5. HP: 43/47 MP: 4/4
  1708 | D:3      | Found a faded altar of an unknown god.
  1723 | D:3      | Prayed at the altar of an unknown god.
  1723 | D:3      | Became a worshipper of Dithmenos the Shadowed
  1723 | D:3      | Reached * piety under Dithmenos
  1984 | D:3      | Killed Talonman3's ghost
  2285 | D:4      | Noticed Robin
  2290 | D:4      | Killed Robin
  2296 | D:4      | Reached XP level 6. HP: 53/53 MP: 5/5
  2303 | D:4      | Reached ** piety under Dithmenos
  2355 | D:4      | Noticed an ice beast
  2368 | D:4      | Killed an ice beast
  2369 | D:4      | Reached skill level 5 in Armour
  2391 | D:4      | HP: 2/55 [orc priest/divine providence (14)]
  2407 | D:4      | Reached skill level 5 in Fighting
  2517 | D:4      | Found a glowing drain.
  2521 | Sewer    | Entered a sewer
  2550 | Sewer    | Noticed Pargi
  2558 | Sewer    | Killed Pargi
  2559 | Sewer    | Reached skill level 5 in Shields
  2559 | Sewer    | Reached XP level 7. HP: 60/61 MP: 6/6
  2770 | D:4      | Reached skill level 5 in Polearms
  3167 | D:5      | Entered Level 5 of the Dungeon
  3396 | D:5      | Reached *** piety under Dithmenos
  3412 | D:5      | Found a sparkling altar of Nemelex Xobeh.
  3486 | D:5      | Reached XP level 8. HP: 60/70 MP: 7/7
  4501 | D:6      | Found a staircase to the Ecumenical Temple.
  4856 | D:7      | Reached XP level 9. HP: 78/78 MP: 8/8
  4907 | D:7      | Reached skill level 5 in Dodging
  5210 | D:7      | Identified the +0 ring mail of the Grinning Gods {rElec}
  5627 | D:8      | Reached **** piety under Dithmenos
  5906 | D:8      | Found a staircase to the Lair.
  6425 | D:8      | Reached XP level 10. HP: 37/88 MP: 9/9
  7284 | D:9      | Noticed a cyclops
  7288 | D:9      | Killed a cyclops
  7810 | D:10     | Entered Level 10 of the Dungeon
  7952 | D:10     | Reached ***** piety under Dithmenos
  8168 | D:10     | Reached skill level 5 in Axes
  8261 | D:10     | Killed from afar by an acid dragon

Illustrated notes

Levels and vault maps discovered:
D:1:      nagdon_arrival_double_spiral, layout_basic
D:2:      layout_basic
D:3:      layout_loops_cross, hellmonk_ghost_happy_afterlife,
          hellmonk_ecumenical_altar_arch_garden
D:4:      layout_basic, gup_sewer_entry_bowl, nicolae_zig_zag_zippers,
          uniq_robin
D:5:      layout_cave_pods, old_standard_altar
D:6:      layout_rooms, minmay_temple_entry_overgrown
D:7:      layout_loops_ring, nicolae_benzene_ring
D:8:      layout_loops_ring, grunt_lair_entry_orc_guard_hut
D:9:      layout_roguey, hangedman_decor_clover_reticule
D:10:     layout_irregular_city, uniq_josephine, uniq_nergalle

Skill      XL: |  1  2  3  4  5  6  7  8  9 10 |
---------------+-------------------------------+-----
Axes           | 3 5 |  5.0
Armour         | 4 5 6 8 9 |  9.0
Dodging        | 1 2 3 4 6 7 |  7.0
Fighting       | 4 5 6 8 |  8.9
Shields        | 4 5 6 7 8 |  8.6
Polearms       | 1 2 3 4 6 7 9 |  9.8

Action                     |  1- 3 |  4- 6 |  7- 9 | 10-12 || total
---------------------------+-------+-------+-------+-------++-------
  Melee: War axe           |    36 |       |       |    53 ||    89
         Headbutt          |    10 |    32 |    63 |     9 ||   114
         Spear             |    33 |   183 |   325 |     3 ||   544
    Use: Potion            |       |     1 |     2 |       ||     3
         Scroll            |       |       |       |    12 ||    12
 Armour: Scale mail        |    35 |    76 |   147 |    82 ||   340
  Dodge: Dodged            |    21 |    60 |   134 |    57 ||   272
  Block: Buckler           |    16 |    33 |    48 |    24 ||   121

Table legend: (Time is in decaauts)
 A = Elapsed time spent in this place.
 B = Non-inter-level travel time spent in this place.
 C = Inter-level travel time spent in this place.
 D = Time resting spent in this place.
 E = Time spent auto-exploring this place.
 F = Levels seen in this place.
 G = Mean time per level.
                   A        B        C        D        E       F      G
               +--------+--------+--------+--------+--------+-----+--------+
         Total |   8281 |   8050 |    231 |   1257 |   5376 |  11 |  752.8 |
       Dungeon |   8019 |   7788 |    231 |   1257 |   5217 |  10 |  801.9 |
         Sewer |    262 |    262 |      0 |      0 |    159 |   1 |  262.0 |
               +--------+--------+--------+--------+--------+-----+--------+

Top non-repeatable levels by time:
     D:8: 1278 daAuts
     D:5: 1097 daAuts
     D:9: 922 daAuts
     D:4: 914 daAuts
     D:3: 799 daAuts
     D:1: 729 daAuts
     D:7: 727 daAuts
     D:2: 558 daAuts
     D:6: 516 daAuts
    D:10: 475 daAuts
   Sewer: 262 daAuts
